 Dungeon Crawl Stone Soup version 0.17-a0-1793-gcbb3aa1 (webtiles) character file.

592 luca467 the Skirmisher (level 7, 0/52 HPs)
             Began as an Octopode Fighter on Sept 9, 2015.
             Was an Initiate of Dithmenos.
             Slain by luca467's ghost (14 damage)
             ... on level 6 of the Dungeon.
             The game lasted 00:26:08 (5241 turns).

luca467 the Skirmisher (Octopode Fighter)           Turns: 5241, Time: 00:26:08

Health: 0/52       AC:  1    Str: 15    XL:     7   Next: 39%
Magic:  7/7        EV: 10    Int: 11    God:    Dithmenos [......]
Gold:   365        SH: 10    Dex: 13    Spells: 0 memorised, 6 levels left

rFire  . . .     SeeInvis .     a - +0 long sword
rCold  . . .     Clarity  .     b - +2 shield
rNeg   . . .     SustAt   .     (helmet restricted)
rPois  .         Gourm    .     s - amulet of resist corrosion
rElec  .         Spirit   .     (no ring)
rCorr  +         Warding  .     (no ring)
rMut   .         Stasis   .     (no ring)
MR     .....                    (no ring)
Stlth  ++........               (no ring)
                                (no ring)
                                (no ring)
                                (no ring)

@: not resistant to hostile enchantments, unstealthy
A: almost no armour, amphibious, 8 rings, constrict 8, camouflage 1, gelatinous
body 1
a: Renounce Religion


You were on level 6 of the Dungeon.
You worshipped Dithmenos.
Dithmenos was noncommittal.
You were hungry.

You visited 1 branch of the dungeon, and saw 6 of its levels.

You collected 365 gold pieces.

Inventory:

Hand weapons
 a - a +0 long sword (weapon)
 t - a +2 falchion of draining
 v - a +0 dagger
Armour
 b - a +2 shield (worn)
Jewellery
 s - an amulet of resist corrosion (around mantle)
Magical devices
 j - a wand of magic darts (16)
Scrolls
 f - 2 scrolls of amnesia
 g - 3 scrolls of identify
 h - a scroll of fog
 u - 3 scrolls of teleportation
 B - a scroll of enchant weapon {unknown}
 D - 2 scrolls of remove curse
 E - a scroll of immolation {unknown}
 F - 2 scrolls of recharging
Potions
 c - 3 potions of might
 e - 2 potions of degeneration {unknown}
 i - a potion of mutation {unknown}
 k - a potion of lignification {unknown}
 p - 2 potions of heal wounds {unknown}
 r - a potion of resistance {unknown}
 w - 2 potions of poison {unknown}
 x - a potion of agility {unknown}
 z - 2 potions of curing {unknown}
 A - a potion of invisibility {unknown}
 C - 2 potions of flight {unknown}
Books
 l - a book of Geomancy

   Spells                             Type                      Level
   a - Sandblast                      Earth                        1
   b - Stoneskin                      Transmutation/Earth          2
   c - Passwall                       Transmutation/Earth          3
   d - Stone Arrow                    Conjuration/Earth            3
   e - Petrify                        Transmutation/Earth          4
   f - Lee's Rapid Deconstruction     Earth                        5
 n - a book of Spatial Translocations

   Spells                             Type                      Level
   a - Apportation                    Translocation                1
   b - Blink                          Translocation                2
   c - Shroud of Golubria             Charms/Translocation         2
   d - Portal Projectile              Translocation                3
   e - Teleport Other                 Translocation                3
   f - Passage of Golubria            Translocation                4
 q - a book of Summonings

   Spells                             Type                      Level
   a - Recall                         Summoning/Translocation      3
   b - Aura of Abjuration             Summoning                    5
   c - Shadow Creatures               Summoning                    5
   d - Summon Demon                   Summoning                    5
   e - Summon Forest                  Summoning/Translocation      5
   f - Summon Mana Viper              Hexes/Summoning              5
 y - a book of the Earth

   Spells                             Type                      Level
   a - Leda's Liquefaction            Hexes/Earth                  4
   b - Bolt of Magma                  Conjuration/Fire/Earth       5
   c - Statue Form                    Transmutation/Earth          6
   d - Iron Shot                      Conjuration/Earth            6
   e - Shatter                        Earth                        9
Comestibles
 d - 6 bread rations
 m - 7 meat rations
 o - a beef jerky


   Skills:
 + Level 6.1 Fighting
 + Level 5.9 Long Blades
 - Level 3.0 Dodging
 - Level 3.0 Shields


You had 6 spell levels left.
You didn't know any spells.

Dungeon Overview and Level Annotations

Branches:
Dungeon (6/15)
 Temple: D:4-7

Altars:
Cheibriados
Dithmenos
Elyvilon
Fedhas
Nemelex Xobeh
Okawaru
Vehumet
Xom
The Shining One

Annotations:
D:6 luca467's ghost, experienced OpFi


Innate Abilities, Weirdness & Mutations

You cannot wear most types of armour.
You are amphibious.
You can wear up to eight rings at the same time.
You can use your tentacles to constrict eight enemies at once.
Your skin changes colour to match your surroundings (Stealth).
Your rubbery body absorbs attacks (AC +1).


Message History

You see here a scythe.
Luca467's ghost turns its malevolent gaze towards you.
Luca467's ghost is too close now for your liking.
Found 14 gold pieces.
Luca467's ghost says, "My insurmountable tactics guarantee your defeat."
You see here 14 gold pieces.
You now have 365 gold pieces (gained 14).
Luca467's ghost whispers, "Death doesn't hurt.
What you feel is life."
You barely miss luca467's ghost. You squeeze luca467's ghost!
Luca467's ghost is lightly damaged.
Luca467's ghost hits you.
You slash luca467's ghost!
Luca467's ghost is moderately damaged.
Luca467's ghost hits you!
You closely miss luca467's ghost. Your squeeze misses luca467's ghost.
Luca467's ghost is moderately damaged.
Luca467's ghost hits you!
* * * LOW HITPOINT WARNING * * *
Luca467's ghost hits you!
You die...

#(########.###...........###
#..........###.###.######.#.
#########........._# #..#
##.###.##### #..# #.# #.#
######†.# #.# #.# ##...##..#
#.# #.# #..#..#..#
#W###.####........#
#.@.........#..#.##
#####.#####...##)# #.#
######.## #.# #... #.# ####
..# ###


You could see luca467's ghost.

Vanquished Creatures
  A giant frog (D:6)
  A water moccasin zombie (D:5)
  A crimson imp (D:5)
  A centaur zombie (D:5)
  An iguana (D:4)
  An orc wizard (D:4)
  3 worker ants
  9 adders
  4 gnolls (D:4)
  A shadow imp (D:6)
  An adder skeleton (D:5)
  3 worms
  8 giant geckos
  19 orcs
  A ball python (D:2)
  8 bats
  7 goblins
  6 hobgoblins
  8 jackals
  3 giant cockroaches
  A giant gecko skeleton (D:3)
  6 giant newts
  10 kobolds
  4 quokkas
  12 rats
120 creatures vanquished.

Notes
Turn   | Place    | Note
--------------------------------------------------------------
     0 | D:1      | luca467 the Octopode Fighter began the quest for the Orb.
     0 | D:1      | Reached XP level 1. HP: 16/16 MP: 1/1
   145 | D:1      | Reached XP level 2. HP: 9/21 MP: 2/2
   558 | D:1      | Reached XP level 3. HP: 17/26 MP: 3/3
  1295 | D:2      | Reached skill level 4 in Fighting
  1295 | D:2      | Reached XP level 4. HP: 33/33 MP: 4/4
  1423 | D:2      | Found a glowing golden altar of the Shining One.
  2318 | D:3      | Reached XP level 5. HP: 37/37 MP: 5/5
  3340 | D:4      | Reached XP level 6. HP: 27/45 MP: 6/6
  3355 | D:4      | Found a radiant altar of Vehumet.
  3555 | D:4      | Reached skill level 5 in Fighting
  3835 | D:4      | Found a white marble altar of Elyvilon.
  3890 | D:4      | Reached skill level 5 in Long Blades
  4138 | D:5      | Entered Level 5 of the Dungeon
  4227 | D:5      | Found a blossoming altar of Fedhas.
  4228 | D:5      | Found a snail-covered altar of Cheibriados.
  4298 | D:5      | Found a shadowy altar of Dithmenos.
  4306 | D:5      | Became a worshipper of Dithmenos the Shadowed
  4367 | D:5      | Found a sparkling altar of Nemelex Xobeh.
  4737 | D:5      | Reached XP level 7. HP: 46/51 MP: 7/7
  4980 | D:6      | Found a shimmering altar of Xom.
  5132 | D:6      | Noticed luca467's ghost (experienced OpFi)
  5170 | D:6      | Found an iron altar of Okawaru.
  5180 | D:6      | Reached skill level 6 in Fighting
  5241 | D:6      | Slain by luca467's ghost

Vault maps used:
D:1:      dpeg_arrival_long_road
D:2:      nicolae_tso_swordbearing_angel, first_bread
D:3:      grunt_decor_cap
D:4:      vehumet_altar_wand_db, elyvilon_altar_3
D:5:      grunt_dithmenos_smoke_and_mirrors, grunt_temple_overflow_open,
          lemuel_doored_altar
D:6:      overflow_temple_1_default, tgw_xom, trog_ov_bears_minmay

Action                   |  1- 3 |  4- 6 |  7- 9 || total
-------------------------+-------+-------+-------++-------
Melee: Long sword        |    82 |   141 |    27 ||   250
       Falchion          |       |    15 |       ||    15
  Use: Scroll            |       |    10 |       ||    10
 Stab: Sleeping          |     5 |     9 |       ||    14
  Eat: Chunk             |     1 |    11 |     1 ||    13
